 Dungeon Crawl Stone Soup version 0.19-a0-816-geccf914 (webtiles) character file.

9008 Ordine the Transmogrifier (level 11, -4/88 HPs)
             Began as an Octopode Monk on June 29, 2016.
             Was an Elder of Cheibriados.
             Slain by a five-headed hydra (13 damage)
             ... on level 2 of the Lair of Beasts.
             The game lasted 00:33:13 (9598 turns).

Ordine the Transmogrifier (Octopode Monk)           Turns: 9598, Time: 00:33:14

Health: -4/88      AC:  7    Str: 20    XL:     11   Next: 39%
Magic:  11/14      EV: 15    Int: 24    God:    Cheibriados [****..]
Gold:   342        SH:  0    Dex: 24    Spells: 1 memorised, 10 levels left

rFire  x . .     SeeInvis .       - Unarmed
rCold  + + +     Gourm    .     (shield currently unavailable)
rNeg   . . .     Faith    .     (helmet currently unavailable)
rPois  +         Spirit   .     e - amulet of regeneration
rElec  .         Dismiss  .     s - ring of sustain attributes
rCorr  .         Reflect  .     (no ring)
SustAt +         Harm     .     (no ring)
MR     .....                    (no ring)
Stlth  +++++.....               (no ring)
                                (no ring)
                                (no ring)
                                (no ring)

@: ice-form, very slow, not resistant to hostile enchantments, quite stealthy
A: almost no armour, amphibious, 8 rings, (constrict 8), (camouflage 0),
(gelatinous body 0)
a: End Transformation, Bend Time, Temporal Distortion, Slouch, Renounce Religion


You were on level 2 of the Lair of Beasts.
You worshipped Cheibriados.
Cheibriados was greatly pleased with you.
You were hungry.
You were a creature of crystalline ice.
You visited 3 branches of the dungeon, and saw 11 of its levels.
You also visited: Sewer and Ossuary.

You collected 433 gold pieces.
You spent 91 gold pieces at shops.

Inventory:

Missiles
 c - 249 stones (quivered)
Magical Staves
 x - an uncursed staff of earth
 y - an uncursed staff of fire
Jewellery
 e - an amulet of regeneration (around neck)
 s - a ring of sustain attributes (left front paw)
Wands
 n - a wand of digging (12/24)
 v - a wand of lightning (8/15)
 E - a wand of polymorph (4/24)
Scrolls
 h - 3 scrolls of teleportation
 l - 10 scrolls of remove curse
 q - 3 scrolls of amnesia
 u - 2 scrolls of noise
 w - 2 scrolls of immolation
 A - a scroll of blinking
 D - a scroll of enchant weapon
Potions
 b - 4 potions of agility
 f - 2 potions of cancellation
 g - 4 potions of flight
 i - a potion of ambrosia
 k - 4 potions of curing
 m - 2 potions of might
 t - 5 potions of lignification
Books
 o - a book of Ice

   Spells                             Type                      Level
   a - Ice Form                       Ice/Transmutation            4
   b - Metabolic Englaciation         Hexes/Ice                    5
   c - Ozocubu's Refrigeration        Ice                          6
   d - Bolt of Cold                   Conjuration/Ice              6
   e - Freezing Cloud                 Conjuration/Ice/Air          6
   f - Simulacrum                     Ice/Necromancy               6
 r - a book of Geomancy

   Spells                             Type                      Level
   a - Sandblast                      Earth                        1
   b - Passwall                       Transmutation/Earth          2
   c - Stone Arrow                    Conjuration/Earth            3
   d - Petrify                        Transmutation/Earth          4
   e - Lee's Rapid Deconstruction     Earth                        5
 z - a book of Unlife

   Spells                             Type                      Level
   a - Recall                         Summoning/Translocation      3
   b - Animate Dead                   Necromancy                   4
   c - Control Undead                 Necromancy                   4
   d - Cigotuvi's Embrace             Necromancy                   5
   e - Death Channel                  Necromancy                   6
   f - Simulacrum                     Ice/Necromancy               6
Comestibles
 a - 7 bread rations
 d - 23 fruits
 p - 5 meat rations
 B - 3 beef jerkies
 C - 7 slices of pizza


   Skills:
 + Level 6.6 Fighting
 + Level 6.4 Dodging
 - Level 8.0 Stealth
 * Level 9.2 Unarmed Combat
 + Level 2.4 Spellcasting
 - Level 10.0 Transmutations
 - Level 5.0 Ice Magic


You had 10 spell levels left.
You knew the following spells:

 Your Spells              Type           Power        Failure   Level  Hunger
a - Ice Form              Ice/Tmut       #####...     6%          4    ####...


Dungeon Overview and Level Annotations

Branches:
Dungeon (8/15)             Temple (1/1) D:7            Lair (2/6) D:8
  Swamp: Lair:2-4    Shoals: Lair:2-4     Snake: Lair:2-4    Spider: Lair:2-4

Altars:
Cheibriados
Dithmenos
Fedhas
Gozag
Hepliaklqana
Kikubaaqudgha
Makhleb
Nemelex Xobeh
Okawaru
Pakellas
Qazlal
Ru
Sif Muna
Trog
Uskayaw
Vehumet
Xom
Yredelemnul
Zin

Shops:
D:5 (   D:6 !   D:8 :


Innate Abilities, Weirdness & Mutations

You cannot wear most types of armour.
You are amphibious.
You can wear up to eight rings at the same time.
((You can use your tentacles to constrict eight enemies at once.))
((Your skin changes colour to match your surroundings (Stealth+).))
((Your rubbery body absorbs attacks. (AC +1)))


Message History

The five-headed hydra bites you. x2
The five-headed hydra closely misses you.
The five-headed hydra bites you!
You punch the five-headed hydra! You freeze the five-headed hydra.
The five-headed hydra is severely wounded.
The five-headed hydra bites you! x2
The five-headed hydra completely misses you.
The five-headed hydra misses you. The five-headed hydra bites you.
You hit the five-headed hydra. You freeze the five-headed hydra.
The five-headed hydra is severely wounded.
You hit the five-headed hydra.
The five-headed hydra seems to slow down.
You freeze the five-headed hydra.
The five-headed hydra is almost dead.
The five-headed hydra bites you!
* * * LOW HITPOINT WARNING * * *
The five-headed hydra bites you!
* * * LOW HITPOINT WARNING * * *
The five-headed hydra bites you!
You die...
P

....... P...... ....... #......
#...... #...... ...P.. #...$[.
..#.. #...... #.... ##....< ##...
###### #.....D## ###PP#P..
..##.######..>..Y#######.........
.......#..#....##.##.............
...............P.................
............>....................
.................................
.................................
..<........#.....................
......#.##.#...##................
..P########.....#.##.#.#.####....


You could see a five-headed hydra.

Vanquished Creatures
  A hydra (Lair:1)
  Pikel (D:5)
  2 spiny frogs
  4 komodo dragons
  A rime drake (Lair:2)
  Grinder (D:3)
  A blink frog (Lair:1)
  A slime creature (Lair:1)
  9 yaks
  A human (D:8)
  3 hippogriffs
  Edmund (D:5)
  A water moccasin (Lair:1)
  3 porcupines
  A slave (D:5)
  A necrophage (D:6)
  An orc warrior (D:7)
  3 ogres
  A centaur (D:7)
  2 crocodiles
  A big kobold (Sewer)
  6 giant frogs
  A gnoll sergeant (D:8)
  A wyvern zombie (D:8)
  3 scorpions
  3 wights
  4 centaur zombies
  2 crimson imps
  A human zombie (Ossuary)
  3 orc priests
  5 hounds
  6 jellies (Lair:1)
  10 orc wizards
  Crazy Yiuf (D:5)
  An iguana (Lair:1)
  5 worker ants
  A sheep (D:8)
  A big kobold zombie (Ossuary)
  A hound zombie (D:8)
  A hound skeleton (D:7)
  4 mummies (Ossuary)
  A worker ant zombie (D:8)
  9 gnolls
  10 river rats (Lair:2)
  7 adders
  A shadow imp (D:8)
  17 oozes
  An adder zombie (D:4)
  2 adder skeletons (D:4)
  8 giant geckos
  26 orcs
  3 ball pythons
  4 giant cockroaches
  A gnoll zombie (Ossuary)
  6 goblins
  7 hobgoblins
  7 jackals
  6 quokkas
  7 bats
  4 giant newts
  A goblin zombie (Ossuary)
  19 kobolds
  2 kobold zombies (Ossuary)
  10 rats
259 creatures vanquished.

Vanquished Creatures (others)
  A giant gecko (D:7)
  8 fungi
  4 plants (D:8)
13 creatures vanquished.

Grand Total: 272 creatures vanquished

Notes
Turn   | Place    | Note
--------------------------------------------------------------
     0 | D:1      | Ordine the Octopode Monk began the quest for the Orb.
     0 | D:1      | Reached XP level 1. HP: 16/16 MP: 1/1
    23 | D:1      | Reached XP level 2. HP: 21/21 MP: 2/2
   361 | D:1      | Reached XP level 3. HP: 24/26 MP: 3/3
   666 | D:2      | Noticed a fire elemental
   669 | D:2      | Found a stormy altar of Qazlal.
   670 | D:2      | Noticed an air elemental
   671 | D:2      | Noticed a water elemental
   671 | D:2      | Noticed an earth elemental
   685 | D:2      | Found a deep blue altar of Sif Muna.
   810 | D:2      | Found a faded altar of an unknown god.
   841 | D:2      | Found a hide-covered altar of Uskayaw.
   888 | D:2      | Found a burning altar of Makhleb.
   911 | D:2      | Reached XP level 4. HP: 22/31 MP: 4/4
   966 | D:2      | Found a burning altar of Makhleb.
  1630 | D:3      | Noticed an ogre
  1660 | D:3      | Killed an ogre
  1660 | D:3      | Reached XP level 5. HP: 22/37 MP: 5/5
  1819 | D:3      | Noticed Grinder
  1909 | D:3      | Found a glowing drain.
  1913 | Sewer    | Entered a sewer
  1970 | Sewer    | Reached XP level 6. HP: 37/43 MP: 6/6
  2156 | Sewer    | Reached skill level 5 in Unarmed Combat
  2413 | D:3      | Killed Grinder
  2413 | D:3      | Reached skill level 5 in Stealth
  2413 | D:3      | Reached XP level 7. HP: 33/49 MP: 7/7
  3268 | D:4      | Learned a level 4 spell: Ice Form
  3652 | D:5      | Entered Level 5 of the Dungeon
  3655 | D:5      | Noticed Edmund
  3664 | D:5      | Killed Edmund
  3664 | D:5      | Reached skill level 5 in Dodging
  3664 | D:5      | Reached XP level 8. HP: 54/54 MP: 8/8
  3789 | D:5      | Found Unuimpofu's Antique Weapon Shop.
  3818 | D:5      | Reached skill level 5 in Fighting
  4066 | D:5      | Found a runed door.
  4070 | D:5      | Noticed Crazy Yiuf
  4074 | D:5      | Killed Crazy Yiuf
  4174 | D:5      | Noticed Pikel
  4236 | D:5      | Killed Pikel
  4236 | D:5      | Reached skill level 3 in Transmutations
  4481 | D:6      | Found a hazy altar of Hepliaklqana.
  4620 | D:6      | Found an ancient bone altar of Kikubaaqudgha.
  4787 | D:6      | Found Rohoz's Distillery.
  4793 | D:6      | Bought a potion of flight for 39 gold pieces
  4793 | D:6      | Bought a potion of degeneration for 13 gold pieces
  4793 | D:6      | Bought a potion of lignification for 39 gold pieces
  4833 | D:6      | Reached skill level 4 in Transmutations
  4836 | D:6      | Reached XP level 9. HP: 52/61 MP: 9/9
  5202 | D:7      | Found a shadowy altar of Dithmenos.
  5308 | D:7      | Found a sand-covered staircase.
  5313 | Ossuary  | Entered an ossuary
  5474 | Ossuary  | Reached skill level 5 in Transmutations
  5933 | D:7      | Found a radiant altar of Vehumet.
  6307 | D:7      | Reached skill level 6 in Transmutations
  6507 | D:7      | Found a staircase to the Ecumenical Temple.
  6768 | D:8      | Found Gutapri's Book Boutique.
  6910 | D:8      | Reached skill level 5 in Ice Magic
  6920 | D:8      | Reached skill level 7 in Transmutations
  7076 | D:8      | Reached skill level 8 in Transmutations
  7079 | D:8      | Reached XP level 10. HP: 66/66 MP: 1/10
  7201 | D:8      | Found a sparkling altar of Nemelex Xobeh.
  7252 | D:7      | Reached skill level 9 in Transmutations
  7366 | Temple   | Entered the Ecumenical Temple
  7554 | Temple   | Became a worshipper of Cheibriados the Contemplative
  7554 | Temple   | Reached * piety under Cheibriados
  7554 | Temple   | Reached ** piety under Cheibriados
  7803 | D:8      | Found a staircase to the Lair.
  7869 | Lair:1   | Entered Level 1 of the Lair of Beasts
  7917 | Lair:1   | Reached skill level 10 in Transmutations
  8076 | Lair:1   | Noticed a spiny frog
  8084 | Lair:1   | Killed a spiny frog
  8323 | Lair:1   | Noticed a four-headed hydra
  8330 | Lair:1   | Killed a four-headed hydra
  8387 | Lair:1   | Reached skill level 1 in Spellcasting
  8387 | Lair:1   | Reached XP level 11. HP: 43/72 MP: 10/12
  8547 | Lair:1   | Reached *** piety under Cheibriados
  8770 | Lair:2   | Noticed a death yak
  8770 | Lair:2   | Noticed a death yak
  8770 | Lair:2   | Noticed a death yak
  8770 | Lair:2   | Noticed a death yak
  8772 | Lair:2   | Noticed a death yak
  8772 | Lair:2   | Noticed a death yak
  8992 | Lair:2   | Got a faintly humming plate armour
  9118 | Lair:1   | Identified the +1 plate armour of the Equinox {*Contam rC+ MR++ Regen+} (You found it on level 2 of the Lair of Beasts)
  9195 | Lair:2   | Reached **** piety under Cheibriados
  9590 | Lair:2   | Noticed a five-headed hydra
  9598 | Lair:2   | Slain by a five-headed hydra

Vault maps used:
D:1:      dpeg_arrival_arbitrary_b
D:2:      lemuel_round_altar, led_sif_pool, marbit_many_paths,
          nicolae_qazlal_style_of_elements, first_bread, ecumenical_altar_2,
          bloody_makhleb
D:3:      gup_sewer_entry_bowl, kennysheep_generic_room_12, uniq_grinder
D:4:      minmay_misc_feat_chi, minmay_door_square
D:5:      serial_shops, nicolae_shop_waterfront, uniq_edmund,
          uniq_crazy_yiuf_cottage, uniq_pikel
D:6:      kiku_gazebo_garden_becter, basic_altar, serial_shops, shop
D:7:      fiery_altar_vehumet, grunt_dithmenos_smoke, enter_ossuary_2
D:8:      nemelex_xobeh_ov_fountains_minmay, david_lair_shrubbed, serial_shops,
          shop, grunt_livestock
Temple:   minmay_temple_curvy_loop
Lair:1:   lemuel_slime, grunt_megastairs_5, lemuel_fruit_tree
Lair:2:   dummy_snake_entry
Sewer:    kennysheep_pipe_town
Ossuary:  ossuary_crypta

Skill      XL: |  1  2  3  4  5  6  7  8  9 10 11 |
---------------+----------------------------------+-----
Stealth        | 3 4 5 6 7 8 |  8.0
Unarmed Combat | 4 5 6 7 8 9 |  9.2
Fighting       | 4 5 6 |  6.6
Dodging        | 4 5 6 |  6.4
Transmutations | 4 8 10 | 10.0
Ice Magic      | 2 5 |  5.0
Spellcasting   | 1 2 |  2.4

Action                   |  1- 3 |  4- 6 |  7- 9 | 10-12 || total
-------------------------+-------+-------+-------+-------++-------
Melee: Unarmed           |    54 |   123 |   331 |   214 ||   722
       Constrict         |    13 |    28 |    61 |       ||   102
       Tentacles         |    10 |    21 |    57 |       ||    88
       Punch             |     1 |     2 |    18 |     1 ||    22
Throw: Stone             |       |       |     5 |     2 ||     7
 Cast: Ice Form          |       |       |     5 |    23 ||    28
  Use: Scroll            |     4 |     4 |     8 |     8 ||    24
       Potion            |       |     4 |     8 |     3 ||    15
 Stab: Sleeping          |    12 |    11 |    16 |    13 ||    52
       Distracted        |       |       |     1 |     1 ||     2
  Eat: Chunk             |       |     4 |    16 |    10 ||    30
       Beef jerky        |       |       |     1 |       ||     1
Armor: Skin              |     3 |    10 |    33 |    30 ||    76
Dodge: Dodged            |    26 |    74 |   149 |   116 ||   365
